 Dungeon Crawl Stone Soup version 0.23-a0-625-g1d2cd9b (console) character file.

5619 Duffy the Arsonist (level 10, -15/59 HPs)
             Began as a Deep Elf Fire Elementalist on Dec 24, 2018.
             Was a Believer of Vehumet.
             Demolished by a troll (19 damage)
             ... on level 10 of the Dungeon.
             The game lasted 00:16:18 (12997 turns).

Duffy the Arsonist (Deep Elf Fire Elementalist)    Turns: 12997, Time: 00:16:18

Health: -15/59     AC:  6    Str:  5    XL:     10   Next: 45%
Magic:  30/32      EV: 16    Int: 24    God:    Vehumet [**....]
Gold:   953        SH:  0    Dex: 15    Spells: 9/24 levels left

rFire    . . .     SeeInvis .   H - wand of digging (5)
rCold    . . .     Gourm    +   (no shield)
rNeg     . . .     Faith    .   L - +2 robe {MR+}
rPois    .         Spirit   .   b - +0 helmet
rElec    .         Reflect  .   g - +0 cloak
rCorr    .         Harm     .   (no gloves)
MR       ++...                  (no boots)
Stlth    +.........             h - amulet of the gourmand
HPRegen  0.19/turn              e - ring of magical power
MPRegen  0.23/turn              j - ring of attention (curse)

@: no status effects
A: no striking features
a: Renounce Religion


You were on level 10 of the Dungeon.
You worshipped Vehumet.
Vehumet was pleased with you.
You were very full.

You visited 2 branches of the dungeon, and saw 11 of its levels.
You also visited: Sewer, Ossuary and Bailey.

You collected 953 gold pieces.

Inventory:

Hand Weapons
 v - a +1 flail of protection
Armour
 a - the +1 ring mail of Paranoia {rElec Str-3 SInv, unknown}
   (You found it on level 7 of the Dungeon)

   It affects your strength (-3).
   It insulates you from electricity.
   It lets you see invisible.
 b - a +0 helmet (worn)
 g - a +0 cloak (worn)
 n - a +0 buckler
 D - a +1 robe of positive energy
 L - a +2 robe of magic resistance (worn)
Jewellery
 e - a ring of magical power (left hand)
 h - an amulet of the gourmand (around neck)
 j - a cursed ring of attention (right hand)
 F - an uncursed ring of ice
 R - an uncursed ring of protection from fire
Wands
 t - a wand of iceblast (2)
 G - a wand of flame (25)
 H - a wand of digging (5) (in hand)
 M - a wand of acid (12)
 Q - a wand of polymorph (12)
Scrolls
 d - 14 scrolls of identify {unknown}
 i - 3 scrolls of magic mapping {unknown}
 m - 2 scrolls of noise {unknown}
 o - 3 scrolls of immolation {unknown}
 p - 8 scrolls of teleportation {unknown}
 w - a scroll of amnesia {unknown}
 y - 2 scrolls of remove curse {unknown}
 A - a scroll of enchant armour {unknown}
 B - 3 scrolls of blinking {unknown}
 C - 5 scrolls of fear {unknown}
 E - 3 scrolls of enchant weapon {unknown}
 K - 3 scrolls of fog {unknown}
 P - a scroll of silence {unknown}
Potions
 f - 6 potions of degeneration {unknown}
 k - 2 potions of heal wounds {unknown}
 l - 4 potions of might {unknown}
 q - a potion of lignification {unknown}
 r - 3 potions of invisibility {unknown}
 s - 3 potions of mutation {unknown}
 u - 6 potions of curing {unknown}
 x - a potion of flight
 z - a potion of agility {unknown}
 I - 4 potions of brilliance {unknown}
 J - 2 potions of berserk rage {unknown}
 N - a potion of resistance {b, unknown}
Miscellaneous
 O - a lightning rod (4/4)
Comestibles
 c - 15 rations


   Skills:
 - Level 5.1 Fighting
 - Level 6.2 Dodging
 - Level 2.4 Stealth
 + Level 7.5 Spellcasting
 * Level 8.9 Conjurations
 * Level 9.0 Fire Magic
 - Level 6.2 Evocations


You had 9 spell levels left.
You knew the following spells:

 Your Spells              Type           Power        Failure   Level  Hunger
h - Throw Flame           Conj/Fire      ######       1%          2    None
j - Sticky Flame          Conj/Fire      ######..     1%          4    ###....
k - Fireball              Conj/Fire      ######....   4%          5    #####..
l - Conjure Flame         Conj/Fire      ######..     1%          3    None
y - Flame Tongue          Conj/Fire      #####        1%          1    None

Your spell library contained the following spells:

 Spells                   Type           Power        Failure   Level  Hunger
 Magic Dart               Conj           ####         1%          1    None
 Inner Flame              Hex/Fire       ####....     3%          3    None
 Beastly Appendage        Tmut           #.....       7%          1    None
 Confusing Touch          Hex            #.....       7%          1    None
 Sticks to Snakes         Tmut           #.......     11%         2    None
 Confuse                  Hex            #.......     21%         3    None
 Gell's Gravitas          Tloc           #.........   21%         3    None
 Spider Form              Tmut/Pois      #.........   21%         3    None
 Ice Form                 Ice/Tmut       #.......     56%         4    ###....
 Petrify                  Tmut/Erth      #.......     56%         4    ###....
 Blade Hands              Tmut           #.........   88%         5    #####..
 Metabolic Englaciation   Hex/Ice        #.........   88%         5    #####..
 Yara's Violent Unravell  Hex/Tmut       #.........   88%         5    #####..


Dungeon Overview and Level Annotations

Branches:
Dungeon (10/15)            Temple (1/1) D:7
   Lair: D:8-11         Orc: D:9-12

Altars:
Ashenzari
Cheibriados
Dithmenos
Elyvilon
Fedhas
Gozag
Hepliaklqana
Kikubaaqudgha
Makhleb
Nemelex Xobeh
Okawaru
Qazlal
Ru
Sif Muna
Trog
Uskayaw
Vehumet
Wu Jian
Xom
Yredelemnul
Zin
The Shining One


Message History

Confirm with . or Enter, or press ? or * to list all spells.
Aiming: Conjure Flame (safe; 1% risk of failure)
Press: ? - help, Dir - move target cursor, f - you, p - troll
Okay, then. 2 gnolls come into view.
The gnoll shouts! x2
A gnoll comes into view. It is wielding a +0 whip.
Casting: Conjure Flame (safe; 1% risk of failure)
Confirm with . or Enter, or press ? or * to list all spells.
Aiming: Conjure Flame (safe; 1% risk of failure)
Press: ? - help, Dir - move target cursor, f - you, p - troll
Okay, then.
The wolf bites you! The wolf completely misses you. The wolf barely misses you.
The wolf misses you. The wolf bites you. The troll bites you!
The troll claws you but does no damage. The troll claws you!
The wolf bites you! The wolf misses you. The wolf closely misses you.
The troll bites you! The troll closely misses you.
The troll claws you but does no damage. The wolf barely misses you.
The wolf barely misses you. The troll bites you!!
You die...

#..##..## y......
#..#..##
~h0~...##..#..#
~~h.........>##
~~~T~...##..## ~~~~...
#..# ~~..... #.###
..~....###.h.######
..........@T......###
..........#h...g.g.....
#########.###########g.
#.# #.# #.# #.# #.#


You could see a troll, 2 wolves and 2 gnolls.

Vanquished Creatures
  Harold (D:7)
  Sigmund (D:6)
  Grum (D:8)
  A water moccasin (D:9)
  12 orc warriors
  3 sky beasts
  2 ice beasts
  A necrophage (D:9)
  4 phantoms
  5 ogres
  2 wolves (D:8)
  A crocodile (Sewer)
  3 centaurs
  Blork the orc (D:6)
  A big kobold (D:9)
  A bullfrog (D:8)
  A wyvern skeleton (D:6)
  A scorpion (D:7)
  A howler monkey (D:6)
  2 crimson imps
  4 hounds
  5 jellies
  A bullfrog zombie (D:6)
  2 orc priests (D:9)
  3 orc wizards
  2 centaur skeletons
  8 worker ants
  A hound skeleton (D:6)
  8 mummies (Ossuary)
  2 howler monkey zombies
  2 worker ant zombies
  4 gnolls (D:3)
  2 river rats (D:3)
  8 adders
  2 shadow imps
  An adder skeleton (D:6)
  3 adder zombies (D:6)
  8 worms
  A dart slug (D:1)
  6 leopard geckos
  21 orcs
  2 ball pythons
  5 bats
  9 giant cockroaches
  2 gnoll zombies (Ossuary)
  20 goblins
  8 hobgoblins
  19 jackals
  5 quokkas
  7 frilled lizards
  30 kobolds
  4 kobold zombies (Ossuary)
  2 leopard gecko zombies
  2 orc zombies (Ossuary)
  A quokka skeleton (D:6)
  2 quokka zombies
  8 rats
265 creatures vanquished.

Notes
Turn   | Place    | Note
-------+----------+-------------------------------------------
     0 | D:1      | Duffy the Deep Elf Fire Elementalist began the quest for
                  | the Orb.
     0 | D:1      | Reached XP level 1. HP: 10/10 MP: 6/6
   190 | D:1      | Reached XP level 2. HP: 13/15 MP: 5/8
   806 | D:1      | Reached XP level 3. HP: 19/19 MP: 9/9
   823 | D:1      | Learned a level 3 spell: Conjure Flame
  1748 | D:2      | Reached XP level 4. HP: 24/24 MP: 11/11
  1790 | D:2      | Learned a level 4 spell: Sticky Flame
  1794 | D:2      | Reached skill level 4 in Fire Magic
  2325 | D:3      | Found a glowing drain.
  2330 | D:3      | Reached XP level 5. HP: 28/28 MP: 12/12
  2358 | Sewer    | Entered a sewer
  2465 | Sewer    | Noticed a crocodile
  2471 | Sewer    | Killed a crocodile
  3328 | D:3      | Reached XP level 6. HP: 32/32 MP: 14/14
  3337 | D:3      | Reached skill level 5 in Fire Magic
  3402 | D:3      | Learned a level 5 spell: Fireball
  3449 | D:3      | Reached skill level 5 in Conjurations
  3838 | D:4      | Found a sand-covered staircase.
  3913 | Ossuary  | Entered an ossuary
  4068 | Ossuary  | Reached skill level 1 in Fighting
  4481 | D:4      | Reached XP level 7. HP: 39/39 MP: 15/15
  5068 | D:5      | Entered Level 5 of the Dungeon
  5216 | D:5      | Reached skill level 5 in Dodging
  6012 | D:5      | Reached XP level 8. HP: 48/48 MP: 16/16
  6186 | D:5      | Learned a level 2 spell: Throw Flame
  6420 | D:6      | Noticed Blork the orc
  6429 | D:6      | Killed Blork the orc
  6429 | D:6      | Reached skill level 5 in Fighting
  6691 | D:6      | Noticed Sigmund
  6707 | D:6      | Killed Sigmund
  6866 | D:6      | Reached skill level 5 in Spellcasting
  6866 | D:6      | Reached skill level 6 in Fire Magic
  7800 | D:7      | Reached XP level 9. HP: 54/54 MP: 19/19
  7912 | D:7      | Got a twisted ring mail
  8013 | D:7      | Found a staircase to the Ecumenical Temple.
  8019 | Temple   | Entered the Ecumenical Temple
  8255 | Temple   | Became a worshipper of Vehumet
  8756 | D:7      | Noticed Harold
  8766 | D:7      | Killed Harold
  8766 | D:7      | Reached skill level 7 in Fire Magic
  9227 | D:8      | Reached skill level 1 in Evocations
  9267 | D:8      | Found a deep blue altar of Sif Muna.
  9327 | D:8      | Found a flagged portal.
  9439 | Bailey   | Entered a bailey
  9465 | Bailey   | Reached * piety under Vehumet
  9465 | Bailey   | Offered knowledge of Shock by Vehumet.
  9930 | Bailey   | Reached skill level 5 in Evocations
 10116 | Bailey   | Reached XP level 10. HP: 47/59 MP: 15/22
 10267 | Bailey   | Reached skill level 8 in Fire Magic
 10805 | D:8      | Noticed Grum
 10979 | D:8      | Killed Grum
 11786 | D:9      | Found an iron altar of Okawaru.
 11792 | D:9      | Reached ** piety under Vehumet
 11984 | D:9      | Offered knowledge of Magic Dart by Vehumet.
 12786 | D:10     | Entered Level 10 of the Dungeon
 12956 | D:10     | Reached skill level 9 in Fire Magic
 12997 | D:10     | Demolished by a troll

Vault maps used:
D:1:      psy_arrival_radial01
D:2:      minmay_evil_eye, serial_bayou_lagoon_a, minmay_strange_pillars
D:3:      portal_sewer_entry_b, first_ration, minmay_checkerbox
D:4:      enter_ossuary_2, kennysheep_nondescript
D:6:      serial_undead, serial_undead_d, serial_undead_c, serial_undead_f,
          serial_undead_b, uniq_blork_the_orc, uniq_sigmund
D:7:      minmay_temple_entry_hall, uniq_harold
D:8:      enter_bailey_3, led_sif_pool, uniq_grum
D:9:      kennysheep_okawaru_gauntlet
D:10:     erik_lair_island, gammafunk_ghost_smash, minmay_unpleasant_kobolds
Temple:   nicolae_temple_the_god_donut
Sewer:    sewer_the_crocodile
Ossuary:  ossuary_tomb_3
Bailey:   bailey_axe_4, bailey

Skill      XL: |  1  2  3  4  5  6  7  8  9 10 |
---------------+-------------------------------+-----
Conjurations   | 2 3 4 5 6 7 8 |  8.9
Fire Magic     | 4 5 6 7 9 |  9.0
Spellcasting   | 4 5 6 7 |  7.5
Dodging        | 3 6 |  6.2
Fighting       | 1 3 5 |  5.1
Evocations     | 5 6 |  6.2
Stealth        | |  2.4

Action                   |  1- 3 |  4- 6 |  7- 9 | 10-12 || total
-------------------------+-------+-------+-------+-------++-------
 Cast: Flame Tongue      |    80 |   135 |    88 |       ||   303
       Conjure Flame     |     1 |    10 |     9 |     5 ||    25
       Sticky Flame      |       |     1 |    11 |    11 ||    23
       Throw Flame       |       |       |   128 |    72 ||   200
       Fireball          |       |       |    19 |     4 ||    23
Evoke: Wand              |       |       |    12 |     1 ||    13
  Use: Potion            |       |       |     2 |     1 ||     3
  Eat: Chunk             |    13 |    11 |    19 |    14 ||    57
Armor: Robe              |    12 |     6 |    12 |    10 ||    40
Dodge: Dodged            |    24 |    33 |    78 |    24 ||   159

Table legend:
 A = Non-vault XP
 B = Vault XP
 C = Vault XP percentage of total XP
 D = Non-vault monster count
 E = Vault monster count
 F = Vault count percentage of total count
                 A         B        C        D         E       F
            +---------+---------+-------+---------+---------+-------
      Total |    4415 |    3613 |  45.0 |     181 |      84 |  31.7
            +---------+---------+-------+---------+---------+-------
        D:1 |      52 |       0 |   0.0 |      28 |       0 |   0.0
        D:2 |     107 |       6 |   5.3 |      20 |       3 |  13.0
        D:3 |     119 |      41 |  25.6 |      33 |       8 |  19.5
        D:4 |     349 |       0 |   0.0 |      15 |       0 |   0.0
        D:5 |     795 |       0 |   0.0 |      24 |       0 |   0.0
        D:6 |     284 |     518 |  64.6 |      12 |      14 |  53.8
        D:7 |     815 |     992 |  54.9 |      15 |       1 |   6.2
        D:8 |     520 |     433 |  45.4 |      13 |       7 |  35.0
        D:9 |    1069 |       4 |   0.4 |      17 |       2 |  10.5
       D:10 |     305 |       0 |   0.0 |       4 |       0 |   0.0
      Sewer |       0 |     114 | 100.0 |       0 |       6 | 100.0
    Ossuary |       0 |     150 | 100.0 |       0 |      16 | 100.0
     Bailey |       0 |    1355 | 100.0 |       0 |      27 | 100.0
            +---------+---------+-------+---------+---------+-------
